 Dungeon Crawl Stone Soup version 0.26.0-10-g1f06aea511 (webtiles) character file.

Game seed: 2864693356434443003

47 DildoBatman the Conjurer (level 3, -1/24 HPs)
             Began as a Formicid Conjurer on Jan 14, 2021.
             Slain by a gnoll
             ... wielding a cursed -2 flail
              (2 damage)
             ... on level 2 of the Dungeon.
             The game lasted 00:03:30 (1358 turns).

DildoBatman the Conjurer (Formicid Conjurer)        Turns: 1358, Time: 00:03:30

Health: -1/24      AC:  2    Str: 11    XL:     3   Next: 97%
Magic:  2/6        EV: 12    Int: 18    God:
Gold:   81         SH:  0    Dex:  9    Spells: 3/6 levels left

rFire    . . .     SeeInvis +   a - +0 quarterstaff
rCold    . . .     Faith    .   (no shield)
rNeg     . . .     Spirit   .   o - +0 robe
rPois    .         Reflect  .   (helmet unavailable)
rElec    .         Harm     .   (no cloak)
rCorr    .         Rampage  .   (no gloves)
Will     .....                  (no boots)
Stlth    ++........             (no amulet)
HPRegen  0.08/turn              (no ring)
MPRegen  0.10/turn              (no ring)

@: no status effects
A: permanent stasis, dig shafts and tunnels, four strong arms, antennae 3
a: Dig, Shaft Self


You were on level 2 of the Dungeon.
You visited 1 branch of the dungeon, and saw 2 of its levels.

You collected 81 gold pieces.

Inventory:

Hand Weapons
 a - a +0 quarterstaff (weapon)
 e - a +0 club
 l - a +0 long sword
Missiles
 b - 30 stones
 j - 17 poisoned darts
 m - 14 bolts
Armour
 o - a +0 robe (worn)
Scrolls
 c - a scroll of identify {unknown}
 d - a scroll of amnesia {unknown}
 h - a scroll of random uselessness {unknown}
 p - a scroll of teleportation {unknown}
Potions
 f - a potion of lignification {unknown}
 g - 2 potions of mutation {unknown}
 i - 3 potions of curing {unknown}
 k - 2 potions of haste {unknown}
 n - a potion of magic {unknown}


   Skills:
 - Level 1.7 Dodging
 - Level 2.4 Stealth
 - Level 2.1 Spellcasting
 * Level 4.8 Conjurations


You had 3 spell levels left.
You knew the following spells:

 Your Spells              Type           Power        Failure   Level
a - Searing Ray           Conj           38%          3%          2
c - Magic Dart            Conj           76%          2%          1

Your spell library contained the following spells:

 Spells                   Type           Power        Failure   Level
 Dazzling Flash           Conj/Hex       20%          21%         3
 Fulminant Prism          Conj/Hex       5%           54%         4
 Iskenderun's Mystic Bla  Conj/Tloc      10%          54%         4


Dungeon Overview and Level Annotations

Branches:
Dungeon (2/15)

Altars:


Innate Abilities, Weirdness & Mutations

You cannot be hasted, slowed, berserked, paralysed or teleported.
You can dig through walls and to a lower floor.
Your four strong arms can wield two-handed weapons with a shield.
You have a pair of large antennae on your head. (SInv)


Message History

Confirm with . or Enter, or press ? or * to list all spells.
Aiming: Searing Ray (safe; 3% risk of failure)
Press: ? - help, Shift-Dir - straight line, f - gnoll
Aim: a gnoll, wielding a +0 spear and wearing a +0 scale mail (16% to evade)
The searing ray misses the gnoll.
The searing ray hits the gnoll!
The gnoll is severely wounded. (Press . to maintain the ray.)
The gnoll hits you from afar with a +0 spear.
The searing ray misses the gnoll.
The gnoll shouts!
The gnoll completely misses you.
A gnoll comes into view. It is wielding a +0 whip.
The searing ray hits the gnoll!
The gnoll is severely wounded.
The gnoll shouts!
The gnoll hits you from afar with a +0 spear!
The gnoll hits you from afar with a +0 spear!
The gnoll hits you with a cursed -2 flail.
You die...

######### #.......#
#.......# #.......#
#.......# #.......#
#.....g@#
######.....).#
##.........g..#
##........<.####
###.........g.#
#........)....#
...........g..#####
..#....)..........#
..................#


You could see 4 gnolls.

Vanquished Creatures
  2 dart slugs (D:1)
  3 leopard geckos (D:1)
  5 bats
  A giant cockroach (D:1)
  8 goblins
  6 hobgoblins
  3 frilled lizards (D:1)
  A giant cockroach zombie (D:1)
  A jackal zombie (D:1)
  6 kobolds
  3 rats (D:1)
39 creatures vanquished.

Notes
Turn   | Place    | Note
-------+----------+-------------------------------------------
     0 | D:1      | DildoBatman the Formicid Conjurer began the quest for the
                  | Orb.
     0 | D:1      | Reached XP level 1. HP: 13/13 MP: 3/3
   213 | D:1      | Reached skill level 4 in Conjurations
   213 | D:1      | Reached XP level 2. HP: 15/19 MP: 1/5
   623 | D:1      | Reached XP level 3. HP: 24/24 MP: 3/6
   626 | D:1      | Learned a level 2 spell: Searing Ray
  1358 | D:2      | HP: 1/24 [gnoll/+0 spear (8)]
  1358 | D:2      | Slain by a gnoll

Illustrated notes

Levels and vault maps discovered:
D:1:      saegor_arrival_fortress, layout_basic, minivault_23, minmay_cupped
D:2:      layout_rooms, okawaru_ov_weapons_minmay, marbit_many_paths,
          kiku_gazebo_pond_becter, lemuel_crystal_altar, uniq_sigmund

Skill      XL: |  1 |
---------------+----+-----
Conjurations   | 4 |  4.8
Dodging        | |  1.7
Stealth        | |  2.4
Spellcasting   | |  2.1

Action                   || total
-------------------------++-------
Melee: Unarmed           ||    21
       Club              ||    29
 Cast: Magic Dart        ||    67
       Searing Ray       ||     4
 Abil: Dig               ||     7
Armor: Robe              ||    11
Dodge: Dodged            ||    54
